cohdb
Replays
Latest Replays
All Replays
Popular Replays
Top Player Replays
Match Explorer
How It Works
Community
CoH3 Stats
Reddit
Sign in to upload your games and track your stats! →
Sign in with Steam
Match 41436361
Unlisted
Match 41436361
Overview
Messages
Build Orders
End
Vickers Machine Gun Team
Construct Section Command Post
Selects Canadian Shock Battlegroup
ML 3-inch Mortar Team
Construct Platoon Command Post
Selects Attacking Spirit
Selects Canadian Shock Section
Canadian Shock Section
Canadian Shock Section
Construct Field Infirmary
Selects Incendiary Munitions
Royal Engineer Section
Canadian Shock Section
Canadian Shock Section
CMP 15cwt Truck
Construct Company Command Post
Selects Pyrotechnics
Infantry Training
Selects Smoke Operation
Old Saint Henderson
SgtSteiner
Severn
Zorg
0
0
Comments
sign in to comment!
No comments posted yet!